Cogmind - Beta 12 @@@ ROGUE MODE // 2023.05.09 @ 21:06:38 Player: MoonDog Result: Self-destructed Performance ------------- Evolutions (1) 500 Regions Visited (3) 600 Robots Destroyed (35) 175 Value Destroyed (683) 683 Prototype IDs (4) 80 Alien Tech Used (0) 0 Bonus (0) 0 TOTAL SCORE: 2038 Bonus ------- None Cogmind --------- Core Integrity 221/400 Matter 203/300 Energy 231/280 System Corruption 0% Temperature Cool (4) Movement Flying (31) Location -9/Storage Parts ------- > --- POWER (1) -------- Cooled Ion Engine > --- PROPULSION (4) --- Improved Flight Unit Improved Flight Unit Improved Flight Unit Improved Flight Unit > --- UTILITY (2) ------ Shield Generator Hacking Suite > --- WEAPON (2) ------- Improved Assault Rifle Improved Assault Rifle > --- INVENTORY (5) ---- Improved Flight Unit Improved Flight Unit Improved Flight Unit Medium Armor Plating Improved Light Cannon Peak State ------------ > --- POWER ------------ Cooled Ion Engine > --- PROPULSION ------- Improved Flight Unit Improved Flight Unit Improved Flight Unit Improved Flight Unit > --- UTILITY ---------- Shield Generator Hacking Suite > --- WEAPON ----------- Improved Assault Rifle Improved Assault Rifle > --- INVENTORY -------- Improved Flight Unit Improved Flight Unit Improved Flight Unit Medium Armor Plating Improved Light Cannon [Rating: 27] Favorites ----------- Power Improved Ion Engine Engine Improved Ion Engine Propulsion Flight Unit Treads Light Treads Leg Aluminum Leg Wheel Wheel Flight Unit Flight Unit Utility Shield Generator Device Shield Generator Storage Small Storage Unit Processor Visual Processing Unit Hackware Hacking Suite Protection Medium Armor Plating Weapon Improved Assault Rifle Energy Gun Heavy EM Pulse Gun Energy Cannon Light EM Pulse Cannon Ballistic Gun Improved Assault Rifle Ballistic Cannon Improved Light Cannon Build | -11 -10 -9 -9 ------- Run | Jun Mat Mat Sto Slots Evolved 2 | . . 2 . Power . | . . . . Propulsion 2 | . . 2 . Utility . | . . . . Weapon . | . . . . Parts Attached 53 | 5 7 11 30 Power 5 | . 1 . 4 Engine 5 | . 1 . 4 Core . | . . . . Reactor . | . . . . Propulsion 22 | 2 2 5 13 Treads 1 | . . . 1 Leg 4 | . . . 4 Wheel 6 | 2 . . 4 Hover . | . . . . Flight 11 | . 2 5 4 Utility 11 | 1 2 1 7 Device 6 | 1 1 . 4 Storage 1 | . 1 . . Processor 1 | . . 1 . Hackware 1 | . . . 1 Protection 2 | . . . 2 Artifact . | . . . . Weapon 15 | 2 2 5 6 Energy Gun 2 | . . 2 . Energy Cannon 1 | . . 1 . Ballistic Gun 10 | 2 2 2 4 Ballistic Cannon 2 | . . . 2 Launcher . | . . . . Special Weapon . | . . . . Impact Weapon . | . . . . Slashing Weapon . | . . . . Piercing Weapon . | . . . . Special Melee Weapon . | . . . . Unidentified Prototypes 4 | . . . 4 Parts Lost 10 | . . 6 4 Power 1 | . . 1 . Propulsion 8 | . . 4 4 Utility . | . . . . Weapon 1 | . . 1 . Highest Loss Streak 3 | . . 3 3 To Critical Strikes . | . . . . Average Slot Usage (%) 86 | . 64 85 91 Engine 8 | . 2 9 9 Treads 2 | . . . 3 Leg 6 | . . . 11 Wheel 11 | . 17 . 15 Flight 16 | . 8 38 7 Device 8 | . 11 . 10 Storage 3 | . 2 11 . Processor 4 | . . 10 2 Protection 4 | . . . 7 Energy Gun 1 | . . 4 . Ballistic Gun 13 | . 21 9 13 Ballistic Cannon 4 | . . . 8 Naked Turns . | . . . . Heaviest Build 24 | 4 11 14 24 Greatest Support 52 | 3 8 16 52 Greatest Overweight (x) 2 | 1 1 . 2 Average Overweight (x) . | . . . . Largest Inventory Capacity 8 | 5 8 8 8 Average Capacity 5 | 5 5 8 5 Most Carried 8 | 4 5 8 8 Average Carried 4 | 1 4 5 4 Final Capacity 8 | 5 8 8 5 Final Carried 7 | 4 5 7 5 Class Distribution -------------------- 51% | Mutant 25% | Scavenger-Mutant 22% | Sprinter Dominant Class ---------------- Mutant | -10/Materials Mutant | -9/Materials Scavenger-Mutant | -9/Storage Resources | -11 -10 -9 -9 ----------- Run | Jun Mat Mat Sto Matter Collected 1036 | 301 51 198 486 Remotely . | . . . . Salvage Created 1238 | 142 77 212 807 Parts 76 | 9 5 14 48 Haulers Intercepted 2 | . . . 2 Recyclers Shooed . | . . . . Parts Field Recycled . | . . . . Retrieved Matter . | . . . . Parts Self-Destructed . | . . . . Prevented . | . . . . Kills | -11 -10 -9 -9 ------- Run | Jun Mat Mat Sto Combat Hostiles Destroyed 19 | . 3 6 10 Guns 16 | . 3 6 7 Cannons 3 | . . . 3 Classes Destroyed 9 | 3 2 1 3 Worker 4 | 1 . . 3 Tunneler 2 | 2 . . . Hauler 2 | . . . 2 Recycler 4 | 1 . . 3 Operator 1 | . . . 1 Watcher 3 | . 1 1 1 Swarmer 7 | . 3 4 . Grunt 7 | . . . 7 Sentry 5 | . . 2 3 Best Kill Streak 5 | 3 3 4 5 Combat Bots Only 4 | . 3 4 4 Max Kills in Single Turn 2 | 1 1 1 2 Gunslinging . | . . . . Exploded . | . . . . Melee . | . . . . Uniques/NPCs Destroyed . | . . . . Combat | -11 -10 -9 -9 -------- Run | Jun Mat Mat Sto Damage Taken 999 | . 113 538 348 Core 223 | . 44 130 49 Absorbed by Shields 80 | . . . 80 Core Remaining (%) 91 | 100 82 . . Volleys Fired 107 | 23 11 29 44 Largest 2 | 2 2 2 2 Hottest 90 | 40 40 90 78 Shots Fired 192 | 40 16 49 87 Gun 159 | 40 16 47 56 Cannon 33 | . . 2 31 Launcher . | . . . . Special . | . . . . Kinetic 177 | 40 16 34 87 Thermal . | . . . . Explosive . | . . . . Electromagnetic 15 | . . 15 . Robot Hit Streak 9 | 4 5 5 9 Robot Miss Streak 5 | 4 2 5 2 Penetration Max . | . . . . Secondary Targets . | . . . . Shots Hit Robots 111 | 19 10 24 58 Core Hits 49 | 5 4 14 26 Critical Kills . | . . . . Critical Parts Destroyed . | . . . . Critical Strikes 1 | . . . 1 Blast 1 | . . . 1 Melee Attacks . | . . . . Impact . | . . . . Slashing . | . . . . Piercing . | . . . . Sneak Attacks . | . . . . Combat Hostiles . | . . . . Follow-up Attacks . | . . . . Damage Inflicted 1680 | 209 116 385 970 Guns 1169 | 209 116 227 617 Cannons 391 | . . 40 351 Explosions 118 | . . 118 . Melee . | . . . . Ramming 2 | . . . 2 Kinetic 1427 | 209 116 134 968 Thermal . | . . . . Explosive . | . . . . Electromagnetic 251 | . . 251 . Impact . | . . . . Slashing . | . . . . Piercing . | . . . . Highest Corruption . | . . . . Average Corruption . | . . . . Corruption Purged . | . . . . Corruption Blocked . | . . . . Overload Shots . | . . . . Overflow Damage . | . . . . Projectiles . | . . . . Explosions . | . . . . Melee . | . . . . Knockbacks 1 | . . . 1 Impact . | . . . . Kinetic 1 | . . . 1 Secondary . | . . . . Self-Inflicted Damage 27 | . . 27 . Shots 1 | . . 1 . Rammed 2 | . . . 2 Targets Rammed 2 | . . . 2 Kicked . | . . . . Crushed . | . . . . Highest Temperature 139 | . . 139 104 Average Temperature 29 | . . 26 33 Received Heat Transfer 319 | . . 165 154 Siege Activations . | . . . . Robots Corrupted . | . . . . Combat Hostiles . | . . . . Parts Fried 3 | . . 3 . Impact Corruptions . | . . . . Robots Melted . | . . . . Combat Hostiles . | . . . . Parts Melted . | . . . . Heat Transferred . | . . . . Parts Sabotaged . | . . . . Parts Stolen . | . . . . Parts Stripped . | . . . . Power Chain Reactions . | . . . . Missiles Intercepted . | . . . . Alert | -11 -10 -9 -9 ------- Run | Jun Mat Mat Sto Peak Influence 330 | 20 159 298 330 Initial 102 | . 13 66 102 Average 181 | 7 83 172 240 Maximum Alert Level 1 | . . 1 1 Low Security (%) 50 | 100 100 53 28 Level 1 49 | . . 46 71 Level 2 . | . . . . Level 3 . | . . . . Level 4 . | . . . . Level 5 . | . . . . High Security . | . . . . Max Security . | . . . . Squads Dispatched 2 | . . . 2 Investigation 1 | . . . 1 Extermination . | . . . . Reinforcement 1 | . . . 1 Assault . | . . . . Garrison . | . . . . Intercept . | . . . . Searches Triggered . | . . . . Construction Impeded . | . . . . Haulers Reinforced . | . . . . Active Scanning Responses . | . . . . Cargo Convoy Interrupts . | . . . . Stealth | -11 -10 -9 -9 --------- Run | Jun Mat Mat Sto Distress Signals 2 | . 1 . 1 Communications Jammed . | . . . . Distress Signals . | . . . . Times Spotted 44 | . 7 19 18 Peak Tracking Total 7 | . 4 7 5 Tactical Retreats 2 | . 1 1 . Traps | -11 -10 -9 -9 ------- Run | Jun Mat Mat Sto Traps Triggered . | . . . . Indirectly . | . . . . Trap Hack Attempts . | . . . . Triggered . | . . . . Disarmed 6 | . 6 . . Reprogrammed . | . . . . Reused . | . . . . Traps Extracted . | . . . . Installed . | . . . . Triggered . | . . . . Machines | -11 -10 -9 -9 ---------- Run | Jun Mat Mat Sto Machines Disabled 4 | . . 2 2 Max in Single Turn 2 | . . 2 1 Machines Repaired . | . . . . Machines Sabotaged . | . . . . Overloaded Fab Kills . | . . . . Hacking | -11 -10 -9 -9 --------- Run | Jun Mat Mat Sto Machines Accessed 22 | . 3 7 12 Terminals 21 | . 3 7 11 Fabricators . | . . . . Repair Stations . | . . . . Recycling Units 1 | . . . 1 Scanalyzers . | . . . . Garrison Access . | . . . . Total Hacks 68 | . 10 24 34 Successful 33 | . 5 11 17 Failed 35 | . 5 13 17 Catastrophic 4 | . 1 2 1 Database Lockouts . | . . . . Manual 52 | . 10 24 18 Terminals 67 | . 10 24 33 Fabricators . | . . . . Repair Stations . | . . . . Recycling Units 1 | . . . 1 Scanalyzers . | . . . . Garrison Access . | . . . . Terminal Hacks 12 | . 1 3 8 Part Schematic 1 | . . . 1 Open Door 3 | . . . 3 Terminal Index 2 | . . 1 1 Unreport Threat 1 | . . 1 . Locate Traps 1 | . . . 1 Disarm Traps 1 | . 1 . . Investigation Status 1 | . . . 1 Zone Layout 2 | . . 1 1 Fabricator Hacks . | . . . . Repair Station Hacks . | . . . . Recycling Unit Hacks 1 | . . . 1 Report Inventory 1 | . . . 1 Scanalyzer . | . . . . Garrison Access Hacks . | . . . . Unauthorized Hacks 20 | . 4 8 8 Terminals 20 | . 4 8 8 Track 2 | . . . 2 Assimilate 2 | . . 2 . Botnet 13 | . 3 5 5 Operators 3 | . 1 1 1 Fabricators . | . . . . Repair Stations . | . . . . Recycling Units . | . . . . Scanalyzers . | . . . . Garrison Access . | . . . . Data Cores Recovered . | . . . . Used . | . . . . Hacking Detections 17 | . 3 6 8 Full Trace Events 1 | . . . 1 Feedback Events . | . . . . Feedback Blocked . | . . . . Robot Schematics Acquired . | . . . . Robots Built . | . . . . Authchips . | . . . . Time . | . . . . Total Robot Build Rating . | . . . . Part Schematics Acquired 1 | . . . 1 Parts Built . | . . . . Authchips . | . . . . Time . | . . . . Total Part Build Rating . | . . . . Parts Repaired . | . . . . Time . | . . . . Parts Recycled . | . . . . Recycled Matter . | . . . . Retrieved Matter . | . . . . Retrieved Components . | . . . . Parts Scanalyzed . | . . . . Part Schematics Acquired . | . . . . Parts Damaged . | . . . . Bothacking | -11 -10 -9 -9 ------------ Run | Jun Mat Mat Sto Used RIF Installer . | . . . . Robots Hacked . | . . . . Non-combat . | . . . . Combat . | . . . . Robot Hacks Applied . | . . . . Relay Couplers Released . | . . . . Fabnet Peak Effective % . | . . . . Robots Rewired . | . . . . Allies Hacked . | . . . . Hacks Repelled . | . . . . Allies | -11 -10 -9 -9 -------- Run | Jun Mat Mat Sto Total Allies 2 | . . 2 . Largest Group 1 | . . 1 . Highest-Rated Group 10 | . . 10 . Highest-Rated Ally 10 | . . 10 . Total Orders . | . . . . Ally Attacks . | . . . . Total Damage . | . . . . Kills . | . . . . Allies Corrupted . | . . . . Allies Melted . | . . . . Intel | -11 -10 -9 -9 ------- Run | Jun Mat Mat Sto Robot Analysis Total . | . . . . Derelict Logs Recovered . | . . . . Drone Launches . | . . . . Drone Recoveries . | . . . . Exploration | -11 -10 -9 -9 ------------- Run | Jun Mat Mat Sto Turns Passed 1162 | 124 127 285 626 Spaces Moved 1156 | 95 157 454 450 Core 185 | 95 88 . 2 Treads 14 | . . . 14 Legs 144 | . . . 144 Wheels 88 | . . . 88 Hover . | . . . . Flight 725 | . 69 454 202 Fastest Speed 31 | 50 37 31 31 Average Speed 59 | 55 51 32 89 Slowest Speed 190 | 100 117 34 190 Overloaded Moves . | . . . . Propulsion Burnouts . | . . . . Robots Hopped 17 | . . 4 13 Cave-ins Triggered . | . . . . Exploration Rate (%) 33 | 3 34 37 59 Regions Visited 3 Branch Regions 1 Pre-discovered Areas . | . . . . Known Exits Taken . | . . . . Unknown Exits Taken 3 | 1 1 1 . Scrap Searched . | . . . . Spaces Dug . | . . . . Terrain Destroyed 1 | . . . 1 Melee . | . . . . Projectile 1 | . . . 1 AOE . | . . . . Terrain Rammed . | . . . . Walls Destroyed . | . . . . Machines Disabled . | . . . . Actions | -11 -10 -9 -9 --------- Run | Jun Mat Mat Sto Total 1436 | 126 189 547 574 Wait 49 | . 6 25 18 Move 1121 | 94 156 445 426 Hop 15 | . . 4 11 Pick Up 26 | 3 4 6 13 Fast Attach 32 | 5 2 4 21 Attach 17 | . 4 7 6 Detach 13 | 1 2 6 4 Swap 4 | . 1 . 3 Drop 32 | . 3 3 26 Fire 107 | 23 11 29 44 Melee . | . . . . Ram . | . . . . Kick . | . . . . Crush 2 | . . . 2 Escape Stasis . | . . . . Rewire 18 | . . 18 . Trap . | . . . . Miscellaneous . | . . . . Route ------- -11/Junkyard -10/Materials (discovered 2 exits: *Mat / [*Min]) -9/Materials (discovered 3 exits: [*Mat x2] / *Sto) -9/Storage History --------- Turn | Location | Event 21 | -11/Junkyard | Discovered new exit (range 12) 125 | -11/Junkyard | Entered Materials 155 | -10/Materials | Discovered new exit (range 10) 224 | -10/Materials | Discovered new exit (range 15) 252 | -10/Materials | Entered another Materials area 252 | -9/Materials | Evolved 2 slots: Propulsion x2 449 | -9/Materials | Lost 3 parts (3n) 479 | -9/Materials | Discovered new exit (range 17) 529 | -9/Materials | Discovered new exit (range 11) 530 | -9/Materials | Discovered new exit (range 19) 537 | -9/Materials | Entered Storage 634 | -9/Storage | Lost 3 parts (3n) 1163 | -9/Storage | Self-destructed Last Messages --------------- >>Traps(Locate) Found 2 traps in 2 arrays: 1x Alarm Trap 1x EMP Trap Map updated. 01133_ K-01 Serf collects debris. 01142_ K-01 Serf cleans the Terminal. 01153_ Connecting with Terminal... 01154_ Connecting with Door Terminal... >>Open(Door) Sealed Heavy Doors opened. 01155_ Connecting with Terminal... >>Trojan(Botnet) Trojan loaded successfully. Testing... Terminal linked with 3 systems. Awaiting botnet instructions. >>Enumerate(Investigations) Retrieving latest reported positions... No active investigation squads found. Map ----- +----------------------------------------------------+ | | | | | | | | | | | ?????????????????????????????????????????????????? | | ?????????????????????????????????????????????????? | | ?????????????????????????????????????????????????? | | ?????????????????????????????????????????????????? | | ?????????????????????????????????????????????????? | | ?????????????????????????????????????????????????? | | ?????????????????????????????????????????????????? | | ?????????????????????????????????????????????????? | | ?????????????????????????????????????????????????? | | ?????????????????????????????????????????????????? | | ?????????????????????????????????????????????????? | | ?????????????????????????????????????????????????? | | ?????????????????????????????????????????????????? | | ?????????????????????????????????????????????????? | | ?????????????????????????????????????????????????? | | ?????????????????????????????????????????????????? | | ?????????????????????????????????????????????????? | | ?????????####+###############+#####??????????????? | | ???????? #??????????????? | | ???????? #??????????????? | | ???????? @ #??????????????? | | ???????????????####### ##"T"####+#####????######## | | ???????????????#######+####### ####????# | | ???????????????# #???## T###????# """" | | ????????#####??# ] """#???###" "####????# " "" | | ????????#! !#??# """#???## ##????# " "" | | ????????#! !#?## """#???## ##????# """ | | ????????#! !#?# #???## ##????# "" | | ????????#! !#?## """#???## ##????# """ | | ???????### ##??# """#???##########????# | | ???????#T #??# """#???##########????######## | | ???????###+##### ^ #????????????????????????# | | ?????????# ####/##################???????????# | | ?????????# T" =!!#T############# | | ?????????# " ! !! k gag | | ?????????# !!!############### | | ?????????# ##############+######?#######?????# | | ?????????####### ## #??#T#####??#### | | ???????????????# ## """" #??# == ##??# "" | | ???????????????# ## " *" #### ! =##??#"G | | ???????????????# ## "=[* / + ! ##??# "" | | ???????#####???# ## "![" ## #######??#### | | ???????# ! ##### =* ## "]*" ## #######?????# | | ???????# * + !!## """" ## #???????????# | | ???????# ### # !! % ## ## #???????????# | +----------------------------------------------------+ Best States ------------- Heat Dissipation 28 Energy Generation 14 Energy Capacity 280 Matter Stores 300 Matter Capacity 300 Sight Range 18 Terrain Scan Density 10 Armor Coverage 225 Evasion (%) 63 Recoil Reduction 1 Offensive Hacking 10 Item Schematics ----------------- Imp. Medium Armor Plating | -9/Storage | Hacked Robot Schematics ------------------ None Fabricated ------------ Nothing Alien Tech Used ----------------- None Achievements -------------- None Challenges ------------ None Game ------ Seed BiocellPowerCarapace Manual? 0 Play Time 00:31:13 Cumulative 127.5 hours Start 2023.05.09 @ 13:01:41 End 2023.05.09 @ 21:06:38 Sessions 2 Manual Loads 0 Difficulty Rogue Special Mode None Game No. 113 Rogue 113 Adventurer 0 Explorer 0 Win Type - Total 1 Types 1/0/0/0/0/0/0/0/0 Lore% 39 Gallery% 55 Achievement% 46 Wizard Run 0 Options --------- ASCII 0 Keyboard 0 Movement Numpad Keybinds 0 Fullscreen 0 Font 16/CogWide Map View 76x50 Tactical HUD 1 Map Filters NONE Filters NONE Steam 1 RUN: 08e8771e-f42c-4acd-b4d4-f8ed0244ef12